 Dungeon Crawl Stone Soup version 0.25-a0-435-g4b9beb1024 (webtiles) character file.

Game seed: 6298069028160924064, levelgen mode: deterministic

445864 Epan the Scorcher (level 24, -22/152 HPs)
             Began as a Gargoyle Earth Elementalist on Jan 26, 2020.
             Was the Champion of Vehumet.
             Killed from afar by a frost giant (26 damage)
             ... with a bolt of cold
             ... on level 5 of the Vaults.
             The game lasted 03:33:42 (50946 turns).

Epan the Scorcher (Gargoyle Earth Elementalist)    Turns: 50946, Time: 03:33:44

Health: -22/152    AC: 42    Str: 13    XL:     24   Next: 20%
Magic:  2/41       EV: 18    Int: 31    God:    Vehumet [******]
Gold:   2623       SH:  6    Dex: 10    Spells: 3/51 levels left

rFire    . . .     SeeInvis +   v - +9 morningstar (vorpal)
rCold    . . .     Gourm    .   (no shield)
rNeg     + . .     Faith    .   J - +3 robe of Clouds {+Thunder rCloud rElec}
rPois    ∞         Spirit   .   w - +1 helmet {SInv}
rElec    +         Reflect  +   g - +2 cloak {MR+}
rCorr    .         Harm     .   W - +3 pair of gauntlets of War {Slay+5}
MR       +++..                  D - +1 pair of boots {run}
Stlth    ++........             K - +6 amulet of reflection
HPRegen  0.35/turn              p - +6 ring of protection
MPRegen  0.27/turn              h - ring "Canwick" {+Blink MR+ Int+4}

@: about to teleport, quick
A: big wings, talons 1, negative energy resistance 1, electricity resistance,
unbreathing, evolution 1, petrification resistance, rot immunity, AC +18
}: 2/15 runes: serpentine, barnacled
a: Fly, Renounce Religion, Evoke Blink, Evoke Thunderclouds


You were on level 5 of the Vaults.
You worshipped Vehumet.
Vehumet was exalted by your worship.
You were not hungry.

You visited 8 branches of the dungeon, and saw 40 of its levels.
You also visited: Sewer, Ice Cave and Wizlab.

You collected 6875 gold pieces.
You spent 4252 gold pieces at shops.

Inventory:

Hand Weapons
 v - a +9 vorpal morningstar (weapon)
 Q - a +3 sacred scourge of holy wrath
Missiles
 b - 1096 stones (quivered)
 X - 2 throwing nets
Armour
 g - a +2 cloak of magic resistance (worn)
 o - the +2 leather armour "Sieteel" {Int+4}
   (You found it on level 14 of the Dungeon)

   It affects your intelligence (+4).
   If you switch to wearing this armour, your AC will rise 0 points (42 -> 42)
 w - a +1 helmet of see invisible (worn)
 D - a +1 pair of boots of running (worn)
 J - the +3 robe of Clouds (worn) {+Thunder rCloud rElec}
   (You took it off a Cloud Mage in a wizard's laboratory)

   It insulates you from electricity.
   If you remove this armour, your AC will fall 6 points (42 -> 36)
 W - the +3 pair of gauntlets of War (worn) {Slay+5}
   (You acquired it on level 3 of the Lair of Beasts)

   It affects your accuracy and damage with ranged weapons and melee attacks
   (+5).
   If you remove this armour, your AC will fall 5 points (42 -> 37)
Magical Staves
 i - an uncursed staff of wizardry
Jewellery
 h - the ring "Canwick" (right hand) {+Blink MR+ Int+4}
   (You took it off a deep elf blademaster on level 3 of the Elven Halls)

   [ring of protection from magic]

   It affects your intelligence (+4).
   It affects your resistance to hostile enchantments.
   It lets you blink.
 p - a +6 ring of protection (left hand)
 q - an uncursed ring of resist corrosion
 K - a +6 amulet of reflection (around neck)
Wands
 s - a wand of acid (3)
 x - a wand of digging (5)
 y - a wand of disintegration (39)
 E - a wand of iceblast (9)
 O - a wand of clouds (4)
Scrolls
 c - 4 scrolls of fog
 l - 3 scrolls of amnesia
 m - 6 scrolls of immolation
 n - 4 scrolls of fear
 r - 26 scrolls of remove curse
 u - 4 scrolls of magic mapping
 I - 19 scrolls of identify
 L - 2 scrolls of enchant armour
 M - 2 scrolls of blinking
 N - 5 scrolls of holy word
 U - 11 scrolls of teleportation
 Z - a scroll of brand weapon
Potions
 e - a potion of invisibility
 j - 3 potions of brilliance
 k - 6 potions of agility
 t - 11 potions of curing
 z - 3 potions of ambrosia
 A - 2 potions of cancellation
 F - 6 potions of haste
 G - a potion of heal wounds
 H - 2 potions of resistance
 R - a potion of magic
 V - 2 potions of berserk rage
 Y - 2 potions of might
Miscellaneous
 a - a fan of gales
 B - 4 sacks of spiders
 C - a lightning rod (4/4)
 P - a lamp of fire
Comestibles
 d - 28 rations


   Skills:
 + Level 15.8 Fighting
 - Level 14.1 Maces & Flails
 - Level 6.0 Armour
 + Level 12.9 Dodging
 - Level 2.1 Stealth
 + Level 14.3 Spellcasting
 + Level 16.4 Conjurations
   Level 0.7 Transmutations
 * Level 19.8 Fire Magic
 + Level 18.2 Earth Magic
 - Level 6.0 Evocations


You had 3 spell levels left.
You knew the following spells:

 Your Spells              Type           Power        Failure   Level  Hunger
a - Shatter               Erth           #######...   30%         9    #######
c - Lee's Rapid Deconstr  Erth           #######...   1%          5    None
d - Iron Shot             Conj/Erth      #######...   1%          6    ###....
e - Fireball              Conj/Fire      #######...   1%          5    None
f - Starburst             Conj/Fire      #######...   1%          6    ###....
g - Ignition              Fire           #######...   1%          8    ######.
h - Fire Storm            Conj/Fire      #######...   30%         9    #######

Your spell library contained the following spells:

 Spells                   Type           Power        Failure   Level  Hunger
 Glaciate                 Conj/Ice       ######....   100%        9    #######
 Foxfire                  Conj/Fire      ####         0%          1    None
 Magic Dart               Conj           ####         0%          1    None
 Sandblast                Erth           ######       0%          1    None
 Conjure Flame            Conj/Fire      #######.     0%          3    None
 Stone Arrow              Conj/Erth      ######       0%          3    None
 Corona                   Hex            ###....      1%          1    None
 Freeze                   Ice            ###.         1%          1    None
 Shock                    Conj/Air       ####         1%          1    None
 Summon Small Mammal      Summ           ###.         1%          1    None
 Passwall                 Tmut/Erth      ######..     1%          2    None
 Ignite Poison            Fire/Tmut/Pois ######..     1%          3    None
 Inner Flame              Hex/Fire       ######..     1%          3    None
 Mephitic Cloud           Conj/Pois/Air  ######..     1%          3    None
 Static Discharge         Conj/Air       ######..     1%          3    None
 Blink                    Tloc           N/A          3%          2    None
 Call Imp                 Summ           ###.....     3%          2    None
 Corpse Rot               Necr/Air       N/A          3%          2    None
 Slow                     Hex            ###.....     3%          2    None
 Swiftness                Chrm/Air       ###.....     3%          2    None
 Call Canine Familiar     Summ           ###.....     6%          3    None
 Ozocubu's Armour         Chrm/Ice       ###.....     6%          3    None
 Portal Projectile        Hex/Tloc       ###...       6%          3    None
 Summon Guardian Golem    Hex/Summ       ###.....     6%          3    None
 Sticky Flame             Conj/Fire      #######.     0%          4    None
 Hailstorm                Conj/Ice       ######..     1%          4    None
 Leda's Liquefaction      Hex/Erth       ######....   1%          4    None
 Petrify                  Tmut/Erth      ######..     1%          4    None
 Bolt of Magma            Conj/Fire/Erth #######...   1%          5    None
 Iskenderun's Battlesphe  Conj/Chrm      ######..     1%          5    None
 Lightning Bolt           Conj/Air       ######....   1%          5    None
 Orb of Destruction       Conj           #######...   1%          7    #####..
 Conjure Ball Lightning   Conj/Air       ######....   3%          6    ###....
 Airstrike                Air            ###.......   5%          4    None
 Spellforged Servitor     Conj/Summ      ######....   16%         7    #####..
 Cause Fear               Hex            ###.......   21%         4    None
 Summon Ice Beast         Ice/Summ       ###.....     21%         4    None
 Summon Lightning Spire   Summ/Air       ###.....     21%         4    None
 Ring of Flames           Chrm/Fire      ######....   30%         7    #####..
 Silence                  Hex/Air        ###.......   50%         5    None
 Deflect Missiles         Chrm/Air       ###.......   97%         6    ###....
 Shadow Creatures         Summ           N/A          97%         6    ###....
 Dragon's Call            Summ           ###.......   100%        9    #######
 Tornado                  Air            ###.......   100%        9    #######


Dungeon Overview and Level Annotations

Branches:
Dungeon (15/15)            Temple (1/1) D:7            Lair (6/6) D:11
 Shoals (4/4) Lair:4        Snake (4/4) Lair:4        Slime (0/5) Lair:6
    Orc (2/2) D:11            Elf (3/3) Orc:2        Vaults (5/5) D:14
  Crypt (0/3) Vaults:3     Depths (0/5) D:15          Sewer (visited)
  IceCv (visited)          WizLab (visited)

Altars:
Ashenzari
Cheibriados
Dithmenos
Elyvilon
Fedhas
Gozag
Nemelex Xobeh
Okawaru
Qazlal
Ru
Sif Muna
Trog
Uskayaw
Vehumet
Xom
Zin
The Shining One
Beogh

Shops:
D:8 :   D:9 =   D:10 *   Orc:2 [*(:   Elf:2 :   Shoals:3 [   Shoals:4 ?[
Snake:1 }=}   Snake:3 (   Vaults:2 [   Vaults:3 !%[

Annotations:
Lair:2 3 runed translucent doors, Laukis's ghost, journeyman MiFi
Lair:3 1 runed translucent door, Fudesupn's ghost, journeyman GnFi
Elf:1 6 runed translucent doors
Elf:2 3 runed translucent doors
Vaults:1 exclusion: downstairs


Innate Abilities, Weirdness & Mutations

You are resistant to torment.
Your stone body is resilient. (AC +18)
You are immune to poison.
Your large and strong wings let you fly indefinitely.
You resist negative energy. (rN+)
You are resistant to electric shocks. (rElec)
You can survive without breathing.
You are immune to petrification.
You are immune to rotting.
You have sharp toenails.
You evolve.


Message History

The vault warden hits you but does no damage.
The golden dragon bites you!!
* * * LOW HITPOINT WARNING * * *
The golden dragon claws you but does no damage.
The golden dragon tramples you but does no damage.
The frost giant is empowered by the deep elf high priest's aura!
The deep elf high priest mumbles some strange prayers to its god against you.
Something smites you!
* * * LOW HITPOINT WARNING * * *
The vault guard hits you but does no damage.
The ironheart preserver throws a stone.
You reflect the stone off an invisible shield around you!
The stone hits the ironheart preserver.
The runic seals fade away.
A lich comes into view.
The vault warden hits you with a +1 great sword of draining!!
* * * LOW HITPOINT WARNING * * *
The frost giant points at you and mumbles some strange words.
The bolt of cold hits you!!
You die...

#....# ## #....# ...
#....###
....#....#.##
####..#....#..##.
......[).......C†)
#.............#.)[.
.........[.@...)).#
#...........p[...[#
e#.....p..epD[)...#.
#.#..L....[[D.....#
...).....[$<<[[...).
...)).[?[(<).<[.....
........[))<<..[....
..........)[[[......
#.#...(..[.[.).....#


You could see an ironheart preserver, a golden dragon, a storm dragon, a frost
giant, a vault warden, a lich, a vault guard and a deep elf high priest.

Vanquished Creatures
  Mennas (Vaults:3)
  Sojobo (Vaults:2)
  Bai Suzhen (Vaults:3)
  Xtahua (Vaults:4)
  Vashnia (Snake:2)
  Nikola (Elf:2)
  Jory (Vaults:5)
  A Cloud Mage (WizLab)
  3 tentacled monstrosities
  2 deep elf blademasters (Elf:3)
  2 deep elf master archers (Elf:3)
  4 titans (Vaults:5)
  2 quicksilver dragons
  2 liches
  A kraken (Shoals:4)
  2 sphinxes
  Polyphemus (Shoals:2)
  Donald (Vaults:3)
  Agnes (Snake:2)
  A storm dragon (Vaults:4)
  A shadow dragon (Vaults:4)
  15 nagarajas
  4 tengu reavers
  Ilsuiw (Shoals:4)
  2 fire giants
  A frost giant (Vaults:5)
  7 deep elf sorcerers
  An orc warlord (Orc:2)
  An iron dragon (Vaults:5)
  Louise (D:15)
  9 vault wardens
  4 deep elf elementalists (Elf:3)
  16 ironheart preservers
  2 very ugly things (Vaults:4)
  8 stone giants
  2 war gargoyles (Vaults:5)
  4 entropy weavers
  14 deep elf annihilators
  6 deep elf demonologists
  A spark wasp (WizLab)
  6 merfolk javelineers
  Snorg (Lair:3)
  3 blizzard demons (WizLab)
  3 ettins
  8 deep elf death magi
  4 merfolk impalers (Shoals:4)
  2 great orbs of eyes (Vaults:3)
  5 deep elf high priests
  7 yaktaur captains
  A rakshasa (Vaults:3)
  15 naga warriors
  2 ice dragons
  29 vault guards
  3 catoblepae
  6 hydras
  16 anacondas
  8 centaur warriors
  2 merfolk avatars
  A ghost crab (WizLab)
  5 merfolk aquamancers (Shoals:4)
  41 two-headed ogres
  3 death knights
  13 ogre magi
  2 satyrs
  Erica (D:10)
  9 dancing weapons
  7 death yaks
  A queen ant (D:9)
  A deep troll earth mage (Vaults:5)
  4 orc high priests
  6 shock serpents
  16 naga sharpshooters
  17 deep elf knights
  5 salamander mystics
  2 shadow wraiths
  A fire crab (Lair:6)
  12 skeletal warriors
  28 sea snakes
  A sixfirhy (D:10)
  2 death drakes (WizLab)
  A swamp dragon (shapeshifter) (D:14)
  13 deep trolls
  3 unseen horrors
  7 naga ritualists
  2 flayed ghosts
  A wizard (Vaults:1)
  15 deep elf archers
  16 ironbrand convokers
  14 orc knights
  2 phantasmal warriors
  4 necromancers
  35 ugly things
  26 harpies
  7 orc sorcerers
  A glowing shapeshifter (Vaults:5)
  11 mana vipers
  Pikel (D:8)
  6 cyclopes
  11 manticores
  3 oklob plants
  10 fauns
  6 elephants (Lair:5)
  18 salamanders
  60 deep elf magi
  A centaur zombie (D:15)
  A cyclops (shapeshifter) (Vaults:4)
  A tengu skeleton (Vaults:4)
  3 wolf spiders
  16 merfolk sirens
  Maurice (Orc:1)
  32 black mambas
  2 water nymphs
  3 ice statues (IceCv)
  Joseph (D:8)
  4 apocalypse crabs (WizLab)
  A fire giant skeleton (Vaults:4)
  18 vault sentinels
  6 guardian serpents
  A storm dragon simulacrum (Vaults:1)
  19 naga magi
  A gargoyle (D:12)
  3 komodo dragons
  A human zombie (Vaults:4)
  Maggie (D:6)
  4 kobold demonologists
  16 spiny frogs
  An efreet (D:14)
  28 yaktaurs
  6 freezing wraiths
  A yaktaur skeleton (Vaults:1)
  19 merfolk
  A polar bear (shapeshifter) (Vaults:4)
  2 jumping spiders (Vaults:4)
  6 polar bears
  7 wind drakes
  A hornet (shapeshifter) (Elf:1)
  6 trolls
  6 hornets
  A wolf spider simulacrum (D:15)
  8 blink frogs
  6 slime creatures (Vaults:3)
  10 hippogriffs
  A meliai zombie (D:14)
  5 dream sheep (Lair:6)
  A frost giant simulacrum (Vaults:2)
  10 air elementals
  7 redbacks
  9 snapping turtles
  A centaur simulacrum (D:12)
  17 spriggans
  2 wyverns
  11 water elementals
  A shadow (D:15)
  A hungry ghost (D:8)
  6 wraiths
  7 fire elementals
  7 vampire mosquitoes
  49 yaks
  A steam dragon (D:11)
  2 basilisks
  Eustachio (D:4)
  5 wargs
  2 yaktaur simulacra (Vaults:1)
  2 acid dragons (Vaults:2)
  59 nagas
  4 soldier ants
  12 water moccasins
  9 porcupines
  43 orc warriors
  13 ice beasts
  2 hornet zombies
  7 boggarts
  A phantom (D:10)
  A slave (D:8)
  6 black bears
  An ettin simulacrum (Vaults:1)
  39 ogres
  A boggart (shapeshifter) (D:14)
  4 necrophages
  An ogre (shapeshifter) (D:14)
  8 centaurs
  An orc zombie (Vaults:1)
  16 crocodiles
  28 wolves
  2 big kobolds
  3 earth elementals (Elf:1)
  14 bullfrogs
  2 wyvern skeletons (D:12)
  4 scorpions
  4 killer bees (D:10)
  A howler monkey (D:14)
  10 wights
  6 electric eels
  2 bullfrog zombies
  5 crimson imps
  A wyvern simulacrum (D:12)
  6 hounds
  3 human simulacra
  2 jellies
  A quasit (D:8)
  30 orc wizards
  36 orc priests
  Crazy Yiuf (D:2)
  2 bullfrog skeletons
  4 centaur skeletons
  Jessica (D:3)
  Natasha (thrice) (D:4)
  6 iguanas
  21 worker ants
  4 killer bee zombies
  2 bullfrog simulacra (D:12)
  A hound zombie (D:11)
  2 hound skeletons
  A worker ant zombie (D:9)
  A howler monkey zombie (D:6)
  Robin (D:2)
  7 gnolls
  13 adders
  2 river rats (Sewer)
  7 shadow imps
  A white imp (D:12)
  2 ufetubi (D:12)
  An ooze (D:2)
  An adder skeleton (D:10)
  2 worms (D:2)
  4 dart slugs
  9 leopard geckos
  113 orcs
  6 bats
  9 giant cockroaches
  16 goblins
  6 hobgoblins
  18 jackals
  6 quokkas
  A ball python (D:1)
  7 frilled lizards
  22 kobolds
  A quokka skeleton (D:4)
  11 rats
  5 fire vortices (Vaults:5)
  2 fungi
  7 plants
  A tentacle (Shoals:4)
1813 creatures vanquished.

Vanquished Creatures (others)
  A vault warden (Vaults:1)
  A yaktaur captain (Vaults:1)
  A dancing weapon (Elf:1)
  A deep elf archer (Elf:1)
  A guardian serpent (Snake:4)
  A yaktaur (Vaults:5)
  A troll (D:12)
  An orc wizard (D:9)
  A worker ant (D:12)
  3 white imps (D:12)
  3 orcs (D:14)
  19 fire vortices
  4 fungi
  2 plants
  3 tentacles (Shoals:4)
  2 withered plants (Lair:3)
45 creatures vanquished.

Grand Total: 1858 creatures vanquished

Notes
Turn   | Place    | Note
-------+----------+-------------------------------------------
     0 | D:1      | Epan the Gargoyle Earth Elementalist began the quest for
                  | the Orb.
     0 | D:1      | Reached XP level 1. HP: 10/10 MP: 3/3
   138 | D:1      | Reached XP level 2. HP: 13/15 MP: 5/5
   664 | D:2      | Noticed Robin
   679 | D:1      | Reached XP level 3. HP: 17/19 MP: 0/7
   793 | D:2      | Killed Robin
   804 | D:2      | Reached XP level 4. HP: 21/24 MP: 5/8
   860 | D:2      | Found a faded altar of an unknown god.
   915 | D:2      | Learned a level 3 spell: Stone Arrow
   938 | D:2      | Found a runed translucent door.
   939 | D:2      | Noticed Crazy Yiuf
   946 | D:2      | Killed Crazy Yiuf
   946 | D:2      | Reached skill level 5 in Earth Magic
  1155 | D:2      | Found a glowing silver altar of Zin.
  1160 | D:2      | Reached skill level 1 in Conjurations
  1244 | D:2      | Reached XP level 5. HP: 28/28 MP: 10/10
  1252 | D:2      | Learned a level 5 spell: Lee's Rapid Deconstruction
  1632 | D:3      | Noticed Jessica
  1644 | D:3      | Killed Jessica
  2014 | D:4      | Reached XP level 6. HP: 32/32 MP: 11/11
  2021 | D:4      | Noticed Natasha
  2032 | D:4      | Killed Natasha
  2083 | D:4      | Noticed Natasha
  2088 | D:4      | Killed Natasha
  2123 | D:4      | Noticed Eustachio
  2141 | D:4      | Killed Eustachio
  2141 | D:4      | Reached XP level 7. HP: 20/36 MP: 10/13
  2164 | D:4      | Found Foath's Distillery.
  2168 | D:4      | Bought a potion of heal wounds for 70 gold pieces
  2168 | D:4      | Bought 2 potions of curing for 84 gold pieces
  2290 | D:4      | Noticed Natasha
  2298 | D:4      | Killed Natasha
  2332 | D:4      | Found a glowing drain.
  2345 | Sewer    | Entered a sewer
  2450 | Sewer    | Found a glowing silver altar of Zin.
  2551 | D:4      | Reached skill level 1 in Fighting
  2551 | D:4      | Reached skill level 1 in Armour
  2626 | D:4      | Reached skill level 1 in Maces & Flails
  2781 | D:5      | Entered Level 5 of the Dungeon
  3038 | D:5      | Reached XP level 8. HP: 42/43 MP: 15/15
  3132 | D:5      | Found an iron altar of Okawaru.
  3444 | D:5      | Identified a scroll of acquirement
  3444 | D:5      | Identified the Grimoire of Transmigration and Slavery (You
                  | acquired it on level 5 of the Dungeon)
  3743 | D:4      | Bought a potion of might for 56 gold pieces
  3743 | D:4      | Bought a potion of cancellation for 112 gold pieces
  3743 | D:4      | Bought a potion of brilliance for 56 gold pieces
  3743 | D:4      | Bought a potion of lignification for 42 gold pieces
  3743 | D:4      | Bought 2 potions of might for 112 gold pieces
  3743 | D:4      | Bought a potion of curing for 42 gold pieces
  3743 | D:4      | Bought a potion of mutation for 112 gold pieces
  3867 | D:6      | Noticed Maggie
  3902 | D:6      | Killed Maggie
  3902 | D:6      | Reached skill level 5 in Spellcasting
  3906 | D:6      | Reached skill level 1 in Evocations
  4061 | D:6      | Found a white marble altar of Elyvilon.
  4069 | D:6      | Found a bloodstained altar of Trog.
  4070 | D:6      | Found a shimmering blue altar of Sif Muna.
  4072 | D:6      | Found a stormy altar of Qazlal.
  4073 | D:6      | Found a sacrificial altar of Ru.
  4074 | D:6      | Found a shattered altar of Ashenzari.
  4434 | D:7      | Reached skill level 5 in Conjurations
  4473 | D:7      | Reached XP level 9. HP: 50/50 MP: 5/16
  4563 | D:7      | Learned a level 5 spell: Fireball
  4645 | D:7      | Reached skill level 1 in Fire Magic
  5112 | D:7      | Found a staircase to the Ecumenical Temple.
  5135 | Temple   | Entered the Ecumenical Temple
  5154 | Temple   | Became a worshipper of Vehumet
  5310 | D:8      | Reached skill level 2 in Fire Magic
  5431 | D:8      | Gained mutation: You have a pair of small horns on your
                  | head. [potion of mutation]
  5431 | D:8      | Gained mutation: Your flesh is cold resistant. (rC+)
                  | [potion of mutation]
  5431 | D:8      | Gained mutation: You have a pair of horns on your head.
                  | [potion of mutation]
  5512 | D:8      | Found Lepleh's Book Shop.
  5515 | D:8      | Bought a book of Power for 540 gold pieces
  5713 | D:8      | Reached skill level 3 in Fire Magic
  5714 | D:8      | Noticed Pikel
  5729 | D:8      | Killed Pikel
  5729 | D:8      | Reached XP level 10. HP: 57/57 MP: 9/18
  5800 | D:8      | Noticed Joseph
  5801 | D:8      | Reached * piety under Vehumet
  5801 | D:8      | Offered knowledge of Shock by Vehumet.
  5814 | D:8      | Killed Joseph
  6227 | D:9      | Reached skill level 4 in Fire Magic
  6477 | D:9      | Found Taruck's Jewellery Shoppe.
  6524 | D:9      | Reached skill level 5 in Armour
  6558 | D:9      | Noticed a queen ant
  6569 | D:9      | Killed a queen ant
  6569 | D:9      | Reached skill level 5 in Fighting
  6569 | D:9      | Reached skill level 5 in Fire Magic
  6569 | D:9      | Reached XP level 11. HP: 35/63 MP: 20/20
  6589 | D:9      | Offered knowledge of Searing Ray by Vehumet.
  7083 | D:9      | Reached ** piety under Vehumet
  7250 | D:10     | Entered Level 10 of the Dungeon
  7681 | D:10     | Offered knowledge of Ignite Poison by Vehumet.
  7747 | D:10     | Killed an unseen horror
  7991 | D:10     | Reached skill level 5 in Maces & Flails
  7996 | D:10     | Noticed a deep elf mage
  8004 | D:10     | Reached *** piety under Vehumet
  8014 | D:10     | Found a runed translucent door.
  8014 | D:10     | Noticed a sixfirhy
  8032 | D:10     | Killed a deep elf mage
  8085 | D:10     | Learned a level 6 spell: Iron Shot
  8097 | D:10     | Killed a sixfirhy
  8097 | D:10     | Reached skill level 6 in Fire Magic
  8125 | D:10     | Noticed Erica
  8132 | D:10     | Paralysed by Erica for 4 turns
  8173 | D:10     | Killed Erica
  8343 | D:10     | Noticed an angel
  8344 | D:10     | Found a white marble altar of Elyvilon.
  8345 | D:10     | Found Fentain's Hallowed Reliquary.
  8350 | D:10     | Bought a potion of curing for 51 gold pieces
  8350 | D:10     | Bought a potion of heal wounds for 85 gold pieces
  8350 | D:10     | Bought a potion of curing for 51 gold pieces
  8350 | D:10     | Bought a potion of curing for 51 gold pieces
  8350 | D:10     | Bought a potion of curing for 51 gold pieces
  8350 | D:10     | Bought a potion of heal wounds for 85 gold pieces
  8350 | D:10     | Bought a scroll of holy word for 127 gold pieces
  8561 | D:11     | Offered knowledge of Olgreb's Toxic Radiance by Vehumet.
  8571 | D:11     | Found a staircase to the Lair.
  8918 | D:11     | Found a staircase to the Orcish Mines.
  8933 | D:11     | Noticed a two-headed ogre
  8945 | D:11     | Killed a two-headed ogre
  8945 | D:11     | Reached skill level 5 in Dodging
  8945 | D:11     | Reached XP level 12. HP: 65/70 MP: 4/22
  8946 | D:11     | Noticed a sun demon
  8954 | D:11     | Identified the +4 dagger of Resue {freeze, rC+ MR- Int+2}
  9234 | D:11     | Reached **** piety under Vehumet
  9234 | D:11     | Reached skill level 7 in Fire Magic
  9294 | D:11     | Offered knowledge of Fulminant Prism by Vehumet.
  9470 | D:11     | Reached skill level 5 in Evocations
 10067 | D:12     | Found a large runed translucent door.
 10068 | D:12     | Found a large runed translucent door.
 10074 | D:12     | Noticed a centaur warrior
 10123 | D:12     | Noticed a two-headed ogre
 10132 | D:12     | Killed a two-headed ogre
 10183 | D:12     | Noticed a two-headed ogre
 10209 | D:12     | Found a frozen archway.
 10211 | D:12     | Noticed an ice dragon
 10216 | D:12     | Reached skill level 10 in Earth Magic
 10216 | D:12     | Reached ***** piety under Vehumet
 10216 | D:12     | Offered knowledge of Conjure Ball Lightning by Vehumet.
 10217 | D:12     | Killed an ice dragon
 10235 | IceCv    | Entered an ice cave
 10236 | IceCv    | Reached skill level 8 in Fire Magic
 10953 | IceCv    | Got obsidian-encrusted ice dragon scales
 11077 | D:12     | Reached XP level 13. HP: 63/76 MP: 24/24
 13030 | D:14     | Reached skill level 9 in Fire Magic
 13160 | D:14     | Got a smoking leather armour
 13171 | D:14     | Identified the +2 leather armour "Sieteel" {Int+4} (You
                  | found it on level 14 of the Dungeon)
 13466 | D:14     | Offered knowledge of Freezing Cloud by Vehumet.
 13849 | D:14     | Found a gate to the Vaults.
 14259 | Lair:1   | Entered Level 1 of the Lair of Beasts
 15287 | Lair:2   | Found a runed translucent gate.
 15287 | Lair:2   | Found a runed translucent gate.
 15287 | Lair:2   | Found a runed translucent gate.
 15287 | Lair:2   | Noticed Laukis's ghost (journeyman MiFi)
 15544 | Lair:2   | Gained mutation: Your large and strong wings let you fly
                  | indefinitely. [Gargoyle growth]
 15544 | Lair:2   | Reached XP level 14. HP: 84/84 MP: 13/26
 15748 | Lair:2   | Reached skill level 10 in Fire Magic
 16101 | Lair:3   | Identified the ring "Assy Ema" {Fire Dex+4 Stlth+} (You
                  | acquired it on level 3 of the Lair of Beasts)
 16102 | Lair:3   | Found the +3 pair of gauntlets of War {Slay+5}
 16277 | Lair:3   | Found a runed translucent door.
 16277 | Lair:3   | Noticed Fudesupn's ghost (journeyman GnFi)
 16507 | Lair:3   | Noticed Snorg
 16518 | Lair:3   | Killed Snorg
 17008 | Lair:4   | Found a staircase to the Shoals.
 17238 | Lair:4   | Found a staircase to the Snake Pit.
 17837 | Lair:5   | Offered knowledge of Starburst by Vehumet.
 17845 | Lair:5   | Learned a level 6 spell: Starburst
 18211 | Lair:5   | Reached skill level 10 in Conjurations
 18423 | Lair:5   | Reached skill level 11 in Fire Magic
 18540 | Lair:6   | Entered Level 6 of the Lair of Beasts
 18600 | Lair:6   | Found a staircase to the Slime Pits.
 18793 | Lair:6   | Reached XP level 15. HP: 68/90 MP: 28/28
 19570 | Lair:6   | Offered knowledge of Yara's Violent Unravelling by Vehumet.
 20122 | Orc:1    | Entered Level 1 of the Orcish Mines
 20122 | Orc:1    | Noticed Maurice
 20124 | Orc:1    | Killed Maurice
 20614 | Orc:2    | Entered Level 2 of the Orcish Mines
 20824 | Orc:1    | Found a roughly hewn altar of Beogh.
 21100 | Orc:2    | Paralysed by an orc sorcerer for 6 turns
 21113 | Orc:2    | Paralysed by an orc sorcerer for 5 turns
 21122 | Orc:2    | Found a staircase to the Elven Halls.
 21266 | Orc:2    | Offered knowledge of Ozocubu's Refrigeration by Vehumet.
 21267 | Orc:2    | Reached skill level 12 in Fire Magic
 21801 | Orc:2    | Noticed an orc warlord
 21808 | Orc:2    | Killed an orc warlord
 21808 | Orc:2    | Reached skill level 10 in Fighting
 21931 | Orc:2    | Found Soeph's Antique Armour Emporium.
 21932 | Orc:2    | Found Ecked's Antique Weapon Emporium.
 21933 | Orc:2    | Found Tiyweg's General Store.
 21933 | Orc:2    | Found Gayvidur's Book Shoppe.
 21962 | Orc:2    | Bought a potion of haste for 130 gold pieces
 22199 | D:15     | Entered Level 15 of the Dungeon
 22211 | D:15     | Noticed Louise
 22247 | D:15     | Killed Louise
 22419 | D:15     | Offered knowledge of Freezing Cloud by Vehumet.
 22438 | D:15     | Reached XP level 16. HP: 84/97 MP: 29/29
 22937 | D:15     | Reached skill level 10 in Spellcasting
 23107 | D:15     | Found a staircase to the Depths.
 23921 | Elf:1    | Entered Level 1 of the Elven Halls
 24141 | Elf:1    | Reached skill level 13 in Fire Magic
 24520 | Elf:1    | Reached skill level 10 in Maces & Flails
 24730 | Elf:1    | Identified the +4 robe of Umowel {rN+ Dex+3} (You found it
                  | on level 1 of the Elven Halls)
 24966 | Elf:1    | Noticed an Ice Fiend
 25039 | Elf:1    | Found a runed translucent gate.
 25039 | Elf:1    | Found a runed translucent gate.
 25039 | Elf:1    | Found a runed translucent gate.
 25039 | Elf:1    | Found a runed translucent gate.
 25039 | Elf:1    | Found a runed translucent gate.
 25041 | Elf:1    | Found a runed translucent gate.
 25190 | Elf:1    | Reached ****** piety under Vehumet
 25272 | Elf:1    | Offered knowledge of Ozocubu's Refrigeration by Vehumet.
 25734 | Elf:2    | Reached XP level 17. HP: 104/104 MP: 21/31
 25915 | Elf:2    | Identified the ring "Leocsat" {+Fly rPois rC- rN++ Stlth+}
                  | (You acquired it on level 2 of the Elven Halls)
 25961 | Elf:2    | Found Jadgh's Book Boutique.
 25964 | Elf:2    | Bought a book of Fire for 1040 gold pieces
 25986 | Elf:2    | Learned a level 8 spell: Ignition
 26406 | Elf:2    | Found a runed translucent gate.
 26406 | Elf:2    | Found a runed translucent gate.
 26406 | Elf:2    | Found a runed translucent gate.
 26593 | Elf:2    | Noticed Nikola
 26605 | Elf:2    | Killed Nikola
 26605 | Elf:2    | Reached skill level 14 in Fire Magic
 26858 | Elf:3    | Entered Level 3 of the Elven Halls
 27405 | Elf:3    | Identified the ring "Quaveyn" {rN+ Str+2 Slay-4 Stlth+}
 27725 | Elf:3    | Noticed a Hell Sentinel
 27738 | Elf:3    | Identified the cursed +0 dire flail "Undertaker" {venom,
                  | rC++}
 27749 | Elf:3    | Noticed a deep elf master archer
 27759 | Elf:3    | Killed a deep elf master archer
 27762 | Elf:3    | Noticed a deep elf master archer
 27769 | Elf:3    | Identified the cursed +3 falchion of the Skies Above
                  | {vorpal, Int+4}
 27774 | Elf:3    | HP: 2/105 [something (18)]
 27832 | Elf:3    | HP: 4/105 [deep elf high priest/arrow (2)]
 28383 | Elf:3    | Identified the +1 scale mail "Zyxty" {Int+6}
 28383 | Elf:3    | Noticed a deep elf blademaster
 28385 | Elf:3    | Identified the amulet "Urphemp" {Faith +Blink rPois Int+3}
 28544 | Elf:3    | Killed a deep elf master archer
 28544 | Elf:3    | Reached XP level 18. HP: 102/111 MP: 28/33
 28560 | Elf:3    | Killed a deep elf blademaster
 28762 | Elf:3    | Identified the +7 halberd "Newtslayer" {vorpal, *Contam MR+
                  | Int+2}
 28854 | Elf:3    | Identified a +1 pair of boots of running (You found it on
                  | level 3 of the Elven Halls)
 28867 | Elf:3    | Identified the ring "Canwick" {+Blink MR+ Int+4}
 28867 | Elf:3    | Noticed a deep elf blademaster
 28885 | Elf:3    | Killed a deep elf blademaster
 29622 | Elf:3    | Identified the +8 large shield "Map Vuon" {Int+4}
 29929 | Snake:1  | Entered Level 1 of the Snake Pit
 30178 | Snake:1  | Found Nefi Gio's Jewellery Boutique.
 30179 | Snake:1  | Found Ettikohe's Gadget Emporium.
 30179 | Snake:1  | Found Qupnalam's Gadget Emporium.
 30195 | Snake:1  | Bought a wand of acid (6) for 320 gold pieces
 30850 | Snake:2  | Noticed Agnes
 30854 | Snake:2  | Killed Agnes
 30951 | Snake:2  | Reached skill level 15 in Fire Magic
 31335 | Snake:2  | Found a white marble altar of Elyvilon.
 31710 | Snake:2  | Noticed Vashnia
 31741 | Snake:2  | Killed Vashnia
 32233 | Snake:2  | Reached skill level 10 in Dodging
 32248 | Snake:2  | Offered knowledge of Fire Storm by Vehumet.
 32248 | Snake:2  | Offered knowledge of Glaciate by Vehumet.
 32248 | Snake:2  | Offered knowledge of Shatter by Vehumet.
 32980 | Shoals:1 | Entered Level 1 of the Shoals
 33443 | Shoals:1 | Reached XP level 19. HP: 98/117 MP: 31/34
 34434 | Shoals:2 | Noticed Polyphemus
 34441 | Shoals:2 | Killed Polyphemus
 34454 | Shoals:2 | Reached skill level 15 in Earth Magic
 35175 | Shoals:3 | Found Xiateh's Armour Shoppe.
 35184 | Shoals:3 | Lost mutation: You have a pair of horns on your head.
                  | [potion of mutation]
 35184 | Shoals:3 | Lost mutation: Your flesh is cold resistant. (rC+) [potion
                  | of mutation]
 35184 | Shoals:3 | Gained mutation: Your natural rate of healing is unusually
                  | fast. [potion of mutation]
 35184 | Shoals:3 | Gained mutation: Your body sometimes deteriorates upon
                  | taking damage. [potion of mutation]
 35184 | Shoals:3 | Gained mutation: You are somewhat resistant to further
                  | mutation. [potion of mutation]
 35185 | Shoals:3 | Lost mutation: Your body sometimes deteriorates upon taking
                  | damage. [potion of mutation]
 35185 | Shoals:3 | Lost mutation: You have a pair of small horns on your head.
                  | [potion of mutation]
 35185 | Shoals:3 | Lost mutation: Your natural rate of healing is unusually
                  | fast. [potion of mutation]
 35185 | Shoals:3 | Gained mutation: You are weak. (Str -2) [potion of
                  | mutation]
 35185 | Shoals:3 | Gained mutation: You are frail. (-10% HP) [potion of
                  | mutation]
 35185 | Shoals:3 | Gained mutation: You have large cloven feet. [potion of
                  | mutation]
 35186 | Shoals:3 | Bought a +1 helmet of see invisible for 264 gold pieces
 35705 | Shoals:4 | Entered Level 4 of the Shoals
 35821 | Shoals:4 | Noticed Ilsuiw
 35952 | Shoals:4 | Killed Ilsuiw
 35978 | Shoals:4 | Reached skill level 16 in Fire Magic
 36319 | Shoals:4 | Found Tapor's Magic Scroll Boutique.
 36331 | Shoals:4 | Bought a scroll of teleportation for 42 gold pieces
 36331 | Shoals:4 | Bought a scroll of enchant weapon for 105 gold pieces
 36652 | Shoals:4 | Got a barnacled rune of Zot
 37166 | Shoals:4 | Found Mafou's Armour Shoppe.
 37459 | Vaults:1 | Entered Level 1 of the Vaults
 37768 | Vaults:1 | Reached XP level 20. HP: 69/111 MP: 36/36
 38574 | Vaults:1 | Identified the +1 robe of Xiepaug {rPois rF+ Str-5 Int+2}
 38713 | Vaults:1 | Identified the +8 quarterstaff of Sura {venom, rC+ rN+
                  | Int-2} (You found it on level 1 of the Vaults)
 39330 | Vaults:2 | Noticed Sojobo
 40712 | Snake:3  | Found Kenunug's Antique Weapon Emporium.
 41290 | Snake:4  | Entered Level 4 of the Snake Pit
 41521 | Snake:4  | Reached skill level 17 in Fire Magic
 41571 | Snake:4  | Reached XP level 21. HP: 71/117 MP: 32/37
 41580 | Snake:4  | Got a serpentine rune of Zot
 43157 | D:12     | Found an iron altar of Okawaru.
 43157 | D:12     | Found an iron altar of Okawaru.
 43570 | Vaults:2 | Learned a level 9 spell: Fire Storm
 44468 | Vaults:2 | Killed Sojobo
 44623 | Vaults:2 | Found Isar's Armour Emporium.
 44956 | Vaults:3 | Found a magical portal.
 45953 | WizLab   | Reached skill level 15 in Conjurations
 46147 | WizLab   | Reached skill level 18 in Fire Magic
 46307 | WizLab   | Identified Fakat's Tome of Lightness
 46311 | WizLab   | Lost mutation: You have large cloven feet. [potion of
                  | mutation]
 46311 | WizLab   | Lost mutation: You are weak. (Str -2) [potion of mutation]
 46311 | WizLab   | Lost mutation: You are frail. (-10% HP) [potion of
                  | mutation]
 46311 | WizLab   | Gained mutation: Your mind is acute. (Int +2) [potion of
                  | mutation]
 46610 | Vaults:3 | Found Nuikaqam's Distillery.
 46611 | Vaults:3 | Found a radiant altar of Vehumet.
 46619 | Vaults:3 | Bought a potion of heal wounds for 80 gold pieces
 46619 | Vaults:3 | Bought a potion of might for 64 gold pieces
 46619 | Vaults:3 | Bought a potion of agility for 64 gold pieces
 46619 | Vaults:3 | Bought 2 potions of haste for 320 gold pieces
 46619 | Vaults:3 | Bought a potion of curing for 48 gold pieces
 46619 | Vaults:3 | Bought a potion of curing for 48 gold pieces
 46705 | Vaults:3 | Reached XP level 22. HP: 133/138 MP: 39/39
 46804 | Vaults:3 | Noticed Mennas
 46839 | Vaults:3 | Killed Mennas
 47267 | Vaults:3 | Found a staircase to the Crypt.
 47268 | Vaults:3 | Noticed Donald
 47274 | Vaults:3 | Killed Donald
 47650 | Vaults:3 | Found Ireaby's Food Emporium.
 47823 | Vaults:3 | Found Naocuev's Armour Boutique.
 48037 | Vaults:3 | Noticed Bai Suzhen
 48045 | Vaults:3 | Gained mutation: Your body sometimes deteriorates upon
                  | taking damage. [mutagenic glow]
 48301 | Vaults:3 | Killed Bai Suzhen
 48815 | Vaults:4 | Noticed Xtahua
 48819 | Vaults:4 | Killed Xtahua
 49110 | Vaults:4 | Identified Log Vitu's Guide on Creative Hexes
 49381 | Vaults:4 | Reached skill level 15 in Fighting
 49427 | Vaults:4 | Reached XP level 23. HP: 128/144 MP: 37/40
 49499 | Vaults:4 | Lost mutation: You are somewhat resistant to further
                  | mutation. [potion of mutation]
 49499 | Vaults:4 | Lost mutation: Your body sometimes deteriorates upon taking
                  | damage. [potion of mutation]
 49499 | Vaults:4 | Lost mutation: Your mind is acute. (Int +2) [potion of
                  | mutation]
 49499 | Vaults:4 | Gained mutation: You have sharp toenails. [potion of
                  | mutation]
 49499 | Vaults:4 | Gained mutation: You evolve. [potion of mutation]
 49956 | Vaults:4 | Reached skill level 19 in Fire Magic
 50093 | Vaults:4 | Learned a level 9 spell: Shatter
 50163 | Vaults:5 | Entered Level 5 of the Vaults
 50899 | Vaults:5 | Noticed Jory
 50905 | Vaults:5 | Reached XP level 24. HP: 103/152 MP: 24/41
 50906 | Vaults:5 | Killed Jory
 50946 | Vaults:5 | HP: 4/152 [vault warden/+1 great sword of draining (23)]
 50946 | Vaults:5 | Killed from afar by a frost giant

Levels and vault maps discovered:
D:1:      dpeg_arrival_ternary, layout_loops_ring, hangedman_decor_growths,
          serial_bayou_pond_b
D:2:      minmay_kobold_bridge, layout_loops_cross, zin_academy,
          chequers_ecumenical_altar_island, uniq_robin, uniq_crazy_yiuf_cottage
D:3:      layout_basic, first_ration, serial_bayou_pond_d, uniq_jessica
D:4:      layout_cave_pools, gup_sewer_entry_pipe, serial_shops,
          nicolae_shop_trees, uniq_natasha, uniq_eustachio
D:5:      layout_basic, okawaru_trees_1, minivault_11
D:6:      layout_layer_cave, minitemple, kennysheep_cross_room, uniq_maggie
D:7:      layout_layer_cave, minmay_temple_entry_enclosed_plants
D:8:      layout_gridville, serial_shops, kennysheep_mini_moat, uniq_pikel,
          uniq_joseph
D:9:      layout_stronghold, serial_shops, nicolae_shop_trees,
          minmay_another_anthill
D:10:     cheibrodos_shockbox, layout_long_grid, hangedman_stone_soup,
          nicolae_good_shop, uniq_erica
D:11:     layout_irregular_city, lair_entry_dummy, erik_orc_4
D:12:     okawaru_arena_lexackson, layout_layer_cave, serial_ice, serial_ice_m,
          serial_ice_j, serial_ice_e, serial_ice_f,
          portal_ice_cave_entry_animals_and_master, lemuel_flamethrower_2
D:13:     layout_irregular_city, minmay_tree_intersection,
          minmay_misc_feat_ornament, st_stairs_4
D:14:     layout_irregular_city, david_vaults_4
D:15:     grunt_enter_depths_snipers, layout_cave_pods, serial_bayou_pond_b,
          uniq_louise
Temple:   eino_narrow_crystal_temple
Lair:1:   layout_layer_cave, serial_bayou_shore_a
Lair:2:   layout_long_grid, ebering_ghost_rock_garden, grunt_megastairs_1,
          serial_bayou_shore_b, minmay_lair_oklob_chamber,
          infiniplex_staircase_pool_2
Lair:3:   layout_cave_pods, gammafunk_ghost_grave,
          cheibrodos_lair_caveside_slide, st_stairs_7, grunt_megastairs_5,
          uniq_snorg
Lair:4:   layout_loops_ring, elwin_shoals_entry_stream,
          minmay_snake_entry_guardpost_small
Lair:5:   layout_concentric_octagons, serial_rivers,
          chequers_serial_rivers_marsh, chequers_serial_rivers_room_a,
          chequers_serial_rivers_micro_e, chequers_serial_rivers_small_b,
          chequers_serial_rivers_large_a
Lair:6:   minmay_lair_end_enchanted_forest, layout_regular_city, slime_dummy,
          nicolae_lair_yak_garden, lemuel_fruit_fields
Shoals:1: layout_shoals, nicolae_shoals_this_corrosion
Shoals:2: layout_shoals, nicolae_shoals_cliffside_cave, uniq_polyphemus
Shoals:3: layout_shoals, serial_shops, nicolae_shop_crystal
Shoals:4: shoals_end_simple, layout_shoals, shoals_ilsuiw_alternative,
          serial_shops, nicolae_shop_behind_doors, shop_statue
Snake:1:  layout_onion_interference, minmay_shop_grove, grunt_megastairs_4
Snake:2:  layout_chambers, basic_altar, st_stairs_6, uniq_vashnia, uniq_agnes
Snake:3:  layout_chambers, serial_shops, nicolae_shop_crystal,
          serial_bayou_shore_b
Snake:4:  grunt_snake_rune_pools, layout_cave_town, eino_curves_02
Orc:1:    layout_caves, mines1_david, uniq_maurice
Orc:2:    st_orc_congregation, layout_caves
Elf:1:    elf_arrival_002, layout_onion_city, orc_legates
Elf:2:    layout_onion_city, serial_shops, nicolae_shop_behind_doors,
          grunt_ministairs_6, uniq_nikola
Elf:3:    grunt_elf_hall_diamonds, layout_geoelf_octagon
Vaults:1: grunt_vaults_funnel, ontoclasm_vaults_hangar, v_misc_12,
          nicolae_vaults_little_squares_4, grunt_vaults_diagonal,
          hangedman_vaults_trim, layout_vaults_omnigrid
Vaults:2: nicolae_vaults_big_angled_halls, vaults_room_fancy_cross, v_misc_19,
          nicolae_vaults_big_angled_halls, v_misc_31, ontoclasm_vaults_gateway,
          nicolae_vaults_mini_display_case, serial_ice_h,
          nicolae_vaults_diagonal_hallway_7, layout_vaults_maze_bifur,
          serial_shops, nicolae_shop_trees, uniq_sojobo
Vaults:3: hangedman_vaults_snaps, grunt_vaults_hallway_short, v_misc_19,
          v_rooms_1, nicolae_vaults_circle_grid_b,
          nicolae_vaults_windows_and_doors_thing, ontoclasm_vaults_pinch,
          minmay_crypt_entry_simple_sparse, vaults_room_door_hall, v_misc_18,
          nicolae_vaults_yaktaur_gun_rack, nicolae_vaults_diagonal_hallway_8,
          nicolae_vaults_diagonal_hallway_8, ontoclasm_vaults_fault,
          layout_vaults_omnibox, mu_enter_wizlab_3, serial_shops, shop, shop,
          nicolae_shop_temple_entry_statues_fountains, basic_altar,
          uniq_bai_suzhen, uniq_donald, uniq_mennas, uniq_margery
Vaults:4: v_misc_16, st_diamondy, grunt_vaults_bifocal, v_misc_14, v_rooms_4,
          v_rooms_5, vaults_room_door_hall, vaults_room_pools,
          ontoclasm_vaults_loading_screen, nicolae_vaults_little_ls,
          hangedman_vaults_stagger, vaults_dpeg_cross,
          ontoclasm_vaults_ligature, nicolae_vaults_little_squares_5,
          v_pattern_3, vaults_room_hallway, layout_vaults_ring,
          serial_hangedman_research, uniq_xtahua
Vaults:5: serial_shops, uniq_jory

Skill      XL: |  1  2  3  4  5  6  7  8  9 10 11 12 13 14 15 16 17 18 19 20 21 22 23 |
---------------+----------------------------------------------------------------------+-----
Earth Magic    | 4 5 6 7 8 9 10 11 12 13 14 15 16 17 18 | 18.2
Spellcasting   | 3 4 5 6 7 8 9 10 11 12 13 14 | 14.3
Conjurations   | 1 2 3 4 5 6 7 8 9 10 11 12 13 14 15 16 | 16.4
Fighting       | 1 3 4 5 6 7 8 9 10 11 12 13 14 15 | 15.8
Armour         | 1 3 4 5 6 |  6.0
Maces & Flails | 1 2 3 4 5 6 7 8 9 10 11 12 13 14 | 14.1
Dodging        | 2 3 4 5 6 7 8 9 10 11 12 | 12.9
Evocations     | 1 2 3 4 5 6 |  6.0
Fire Magic     | 3 5 6 8 9 11 12 13 14 15 16 17 18 19 | 19.8
Stealth        | |  2.1
Transmutations | |  0.7

Action                   |  1- 3 |  4- 6 |  7- 9 | 10-12 | 13-15 | 16-18 | 19-21 | 22-24 || total
-------------------------+-------+-------+-------+-------+-------+-------+-------+-------++-------
Melee: Spear             |    59 |   160 |   317 |   399 |   139 |       |       |       ||  1074
       Dagger            |    29 |    11 |       |       |       |       |       |       ||    40
       Headbutt          |       |       |     8 |    76 |   146 |    70 |    20 |       ||   320
       Morningstar       |       |       |       |       |   759 |   538 |   808 |   302 ||  2407
 Cast: Sandblast         |    10 |     3 |    21 |   100 |   130 |    17 |    11 |       ||   292
       Lee's Rapid Decon |       |       |    10 |    43 |    60 |   130 |    33 |    10 ||   286
       Iron Shot         |       |       |       |     1 |    38 |    89 |   129 |    41 ||   298
       Stone Arrow       |       |       |       |       |     9 |       |       |       ||     9
       Fireball          |       |       |       |       |     6 |    29 |    10 |    15 ||    60
       Starburst         |       |       |       |       |    33 |     6 |     6 |       ||    45
       Ignition          |       |       |       |       |       |    10 |    58 |    39 ||   107
       Fire Storm        |       |       |       |       |       |       |     5 |     4 ||     9
       Shatter           |       |       |       |       |       |       |       |    22 ||    22
 Abil: Fly               |       |       |       |       |     1 |       |       |       ||     1
       Stop Flying       |       |       |       |       |       |       |     1 |       ||     1
Evoke: Wand              |       |       |     1 |     9 |    14 |     3 |     6 |     8 ||    41
       Lamp of fire      |       |       |       |       |     2 |     2 |     3 |       ||     7
       Phantom mirror    |       |       |       |       |       |     1 |       |       ||     1
       Lightning rod     |       |       |       |       |       |       |     3 |       ||     3
  Use: Potion            |     2 |       |     5 |     8 |     6 |    13 |    10 |     9 ||    53
       Scroll            |       |    10 |    10 |    10 |    17 |    17 |    10 |     5 ||    79
 Stab: Sleeping          |       |     4 |     7 |     4 |     3 |     1 |     2 |     2 ||    23
       Distracted        |       |     1 |     1 |       |     1 |       |     1 |       ||     4
  Eat: Chunk             |       |     4 |    13 |    27 |    59 |    45 |    46 |    31 ||   225
       Ration            |       |       |     1 |     1 |     4 |    10 |    13 |     6 ||    35
Armor: Robe              |    26 |    78 |   168 |   267 |    63 |       |    13 |   217 ||   832
       Leather armour    |       |       |       |       |   404 |   365 |   480 |       ||  1249
Dodge: Dodged            |    58 |    85 |   221 |   395 |   890 |   441 |   513 |   228 ||  2831
Block: Other             |       |       |       |   111 |   325 |   187 |   236 |    90 ||   949
       Reflection        |       |       |       |     2 |    11 |    24 |    26 |     9 ||    72

Table legend:
 A = Non-vault XP
 B = Vault XP
 C = Vault XP percentage of total XP
 D = Non-vault monster count
 E = Vault monster count
 F = Vault count percentage of total count
                 A         B        C        D         E       F
            +---------+---------+-------+---------+---------+-------
      Total |  447063 |  410099 |  47.8 |    1151 |     654 |  36.2
            +---------+---------+-------+---------+---------+-------
        D:1 |      33 |       7 |  17.5 |      12 |       5 |  29.4
        D:2 |      79 |      82 |  50.9 |      26 |      17 |  39.5
        D:3 |      68 |      37 |  35.2 |      21 |       1 |   4.5
        D:4 |     384 |     239 |  38.4 |      20 |       8 |  28.6
        D:5 |     352 |       0 |   0.0 |      14 |       0 |   0.0
        D:6 |     418 |     376 |  47.4 |      14 |       1 |   6.7
        D:7 |    1224 |       0 |   0.0 |      28 |       0 |   0.0
        D:8 |    1615 |    1004 |  38.3 |      32 |       2 |   5.9
        D:9 |    2210 |    1796 |  44.8 |      26 |      17 |  39.5
       D:10 |    3648 |    2497 |  40.6 |      38 |       6 |  13.6
       D:11 |    4924 |     650 |  11.7 |      27 |      18 |  40.0
       D:12 |    8798 |    3838 |  30.4 |      27 |      21 |  43.8
       D:13 |    3617 |     129 |   3.4 |      11 |       2 |  15.4
       D:14 |   11133 |    1681 |  13.1 |      34 |       4 |  10.5
       D:15 |   22644 |    3976 |  14.9 |      40 |       4 |   9.1
     Lair:1 |    1070 |       0 |   0.0 |       7 |       0 |   0.0
     Lair:2 |    1077 |    1964 |  64.6 |       5 |       4 |  44.4
     Lair:3 |    1940 |    2762 |  58.7 |      12 |      11 |  47.8
     Lair:4 |    6987 |    2154 |  23.6 |      20 |       8 |  28.6
     Lair:5 |   10321 |    1162 |  10.1 |      37 |       2 |   5.1
     Lair:6 |    9660 |    9986 |  50.8 |      31 |      53 |  63.1
   Shoals:1 |   14144 |    1628 |  10.3 |      30 |       3 |   9.1
   Shoals:2 |    8899 |    5794 |  39.4 |      17 |       5 |  22.7
   Shoals:3 |   14096 |       0 |   0.0 |      23 |       0 |   0.0
   Shoals:4 |   13273 |   27907 |  67.8 |      23 |      41 |  64.1
    Snake:1 |   12044 |    1398 |  10.4 |      23 |       4 |  14.8
    Snake:2 |   25231 |   11139 |  30.6 |      47 |       8 |  14.5
    Snake:3 |   21919 |       0 |   0.0 |      42 |       0 |   0.0
    Snake:4 |   30516 |   44203 |  59.2 |      45 |      60 |  57.1
      Orc:1 |    4832 |     469 |   8.8 |      45 |       1 |   2.2
      Orc:2 |    3203 |   12095 |  79.1 |      29 |      68 |  70.1
      Elf:1 |   19190 |   13357 |  41.0 |      36 |      31 |  46.3
      Elf:2 |   18570 |    8962 |  32.6 |      35 |       9 |  20.5
      Elf:3 |   11799 |   38912 |  76.7 |      13 |      26 |  66.7
   Vaults:1 |   20231 |    4697 |  18.8 |      39 |       9 |  18.8
   Vaults:2 |   30496 |   17087 |  35.9 |      60 |      10 |  14.3
   Vaults:3 |   27779 |   53083 |  65.6 |      45 |      54 |  54.5
   Vaults:4 |   43843 |   38680 |  46.9 |      70 |      39 |  35.8
   Vaults:5 |   34796 |   76821 |  68.8 |      47 |      54 |  53.5
      Sewer |       0 |     135 | 100.0 |       0 |      11 | 100.0
      IceCv |       0 |    3262 | 100.0 |       0 |      11 | 100.0
     WizLab |       0 |   16130 | 100.0 |       0 |      26 | 100.0
            +---------+---------+-------+---------+---------+-------
